 Dungeon Crawl Stone Soup version 0.28.0-1-gb440e238dd (webtiles) character file.

Game seed: 452587359300987162

350 Descartes the Grasshopper (level 6, -2/47 HPs)
             Began as a Formicid Warper on Feb 26, 2022.
             Slain by a worm (9 damage)
             ... on level 4 of the Dungeon.
             The game lasted 00:08:20 (3692 turns).

Descartes the Grasshopper (Formicid Warper)         Turns: 3692, Time: 00:08:21

Health: -2/47      AC: 12    Str: 17    XL:     6   Next: 92%
Magic:  10/10      EV:  5    Int: 13    God:
Gold:   129        SH:  0    Dex: 10    Spells: 11/11 levels left

rFire   . . .      SeeInvis +   a - +0 hand axe
rCold   . . .      Faith    .   (no shield)
rNeg    . . .      Spirit   .   s - +0 plate armour
rPois   .          Reflect  .   (helmet unavailable)
rElec   .          Harm     .   (no cloak)
rCorr   .          Rampage  .   d - +0 pair of gloves
Will    .....                   (no boots)
Stlth   ..........              (no amulet)
HPRegen 0.15/turn               (no ring)
MPRegen 0.12/turn               (no ring)

@: very slow
A: permanent stasis, dig shafts and tunnels, antennae 3, four strong arms
a: Dig, Shaft Self


You were on level 4 of the Dungeon.
You visited 1 branch of the dungeon, and saw 4 of its levels.

You collected 129 gold pieces.

Inventory:

Hand Weapons
 a - a +0 hand axe (weapon)
 n - a +2 dagger of speed
 p - a +1 flail of draining
Missiles
 c - 5 boomerangs of dispersal (quivered)
 k - 63 stones
 m - 3 poisoned darts
Armour
 d - a +0 pair of gloves (worn)
 r - a +0 chain mail
 s - a +0 plate armour (worn)
Wands
 l - a wand of acid (10)
Scrolls
 b - a scroll of teleportation
 g - 2 scrolls of enchant armour
 j - a scroll of torment
 o - a scroll of enchant weapon
Potions
 e - a potion of attraction {unknown}
 f - 2 potions of flight
 h - 2 potions of heal wounds {unknown}
 i - 2 potions of curing


   Skills:
 + Level 3.4 Fighting
 + Level 3.2 Axes
 - Level 2.0 Throwing
 + Level 2.8 Armour
 - Level 2.0 Dodging
 + Level 2.7 Shields
 + Level 3.2 Spellcasting
 + Level 3.4 Translocations
 + Level 0.5 Evocations


You had 11 spell levels left.
You didn't know any spells.
Your spell library contained the following spells:

 Spells                   Type           Power      Damage    Failure   Level
 Gell's Gravitas          Tloc           11%        N/A       100%        3
 Lesser Beckoning         Tloc           11%        N/A       100%        3
 Teleport Other           Tloc           11%        N/A       100%        3
 Manifold Assault         Tloc           11%        N/A       100%        5
 Blink                    Tloc           Unusable   N/A       N/A         2

Dungeon Overview and Level Annotations

Branches:
Dungeon (4/15)
 Temple: D:4-7

Altars:
Nemelex Xobeh


Innate Abilities, Weirdness & Mutations

You cannot be hasted, slowed, berserked, paralysed or teleported.
You can dig through walls and to a lower floor.
You have a pair of large antennae on your head. (SInv)
Your four strong arms can wield two-handed weapons with a shield.


Message History

The worm splashes around in the water.
You barely miss the worm.
The worm is moderately wounded.
The worm bites you but does no damage.
You hit the worm.
The worm is moderately wounded.
The worm bites you.
* * * LOW HITPOINT WARNING * * *
You barely miss the worm.
The worm is moderately wounded.
You slash the worm!
The worm is severely wounded.
The worm splashes around in the water.
You barely miss the worm.
The worm is severely wounded.
The worm closely misses you.
Your unstable footing causes you to fumble your attack.
You barely miss the worm.
The worm is heavily wounded.
The worm bites you.
* * * LOW HITPOINT WARNING * * *
You slash the worm!
The worm is almost dead.
The worm bites you.
* * * LOW HITPOINT WARNING * * *
Your unstable footing causes you to fumble your attack.
You hit the worm but do no damage.
The worm is almost dead.
The worm bites you but does no damage.
Your unstable footing causes you to fumble your attack.
The worm bites you but does no damage.
You hit the worm.
The worm is almost dead.
Your unstable footing causes you to fumble your attack.
The worm splashes around in the water.
Your unstable footing causes you to fumble your attack.
You hit the worm.
The worm is almost dead.
The worm bites you!
You die...

####≈#≈#≈≈##
##...#
#≈≈≈≈≈≈≈≈≈#
##..#
#≈#########
#...#
#≈†≈≈≈≈#
#....
####≈#≈#
##... #≈≈†≈#
#≈##†#{ #
#≈≈# #@##
#w# #≈≈ ####


You could see a worm.

Vanquished Creatures
  An ogre (D:4)
  A hound (D:3)
  An orc priest (D:3)
  2 orc wizards
  2 gnolls (D:4)
  4 adders
  A river rat (D:4)
  5 worms
  A dart slug (D:3)
  13 orcs
  4 endoplasms
  3 giant cockroaches
  8 goblins
  5 hobgoblins
  2 quokkas
  8 ball pythons
  3 bats (D:2)
  2 frilled lizards (D:2)
  5 kobolds
  3 rats
74 creatures vanquished.

Notes
Turn   | Place    | Note
-------+----------+-------------------------------------------
     0 | D:1      | Descartes the Formicid Warper began the quest for the Orb.
     0 | D:1      | Reached XP level 1. HP: 16/16 MP: 3/3
   288 | D:1      | Reached XP level 2. HP: 22/22 MP: 5/5
   567 | D:1      | Found a faded altar of an unknown god.
   671 | D:2      | Reached XP level 3. HP: 14/28 MP: 6/6
   674 | D:2      | Reached skill level 1 in Shields
   956 | D:2      | Reached XP level 4. HP: 29/34 MP: 7/7
  2375 | D:3      | Reached XP level 5. HP: 22/39 MP: 7/9
  3467 | D:4      | Reached XP level 6. HP: 47/47 MP: 10/10
  3530 | D:4      | Noticed an ogre
  3544 | D:4      | Killed an ogre
  3581 | D:4      | Identified the +0 robe of the Monkey {Rampage}
  3612 | D:4      | Found a sparkling altar of Nemelex Xobeh.
  3692 | D:4      | Slain by a worm

Illustrated notes

Levels and vault maps discovered:
D:1:      dpeg_arrival_tiny_i, layout_basic, nicolae_ecumenical_lake_church,
          minmay_pentomino_s2
D:2:      layout_loops_corners, minmay_circle_x
D:3:      layout_basic
D:4:      layout_layer_cave, mainiacjoe_overflow_alcove_2,
          lightli_sewer_entry_pipes

Skill      XL: |  1  2  3  4  5  6 |
---------------+-------------------+-----
Dodging        | 2 |  2.0
Shields        | 1 2 |  2.7
Armour         | 2 |  2.8
Translocations | 3 |  3.4
Fighting       | 3 |  3.4
Throwing       | 2 |  2.0
Axes           | 3 |  3.2
Spellcasting   | 3 |  3.2
Evocations     | |  0.5

Action                   |  1- 3 |  4- 6 || total
-------------------------+-------+-------++-------
Melee: Hand axe          |    71 |   239 ||   310
       Punch             |     1 |     2 ||     3
 Abil: Dig               |       |     1 ||     1
Evoke: Wand              |       |     3 ||     3
  Use: Scroll            |       |     6 ||     6
       Potion            |       |     3 ||     3
Armor: Scale mail        |    34 |    55 ||    89
       Chain mail        |       |    33 ||    33
       Plate armour      |       |     5 ||     5
Dodge: Dodged            |    34 |    95 ||   129
